 Dungeon Crawl Stone Soup version 0.24-a0-809-g71cb82dfb8 (webtiles) character file.

Game seed: 11350235673122590327, levelgen mode: deterministic

246 Flugkiller the Ducker (level 6, -1/43 HPs)
             Began as an Octopode Abyssal Knight on Oct 11, 2019.
             Was a Priest of Lugonu.
             Slain by Purgy the naga (5 damage)
             ... in a sewer.
             The game lasted 00:09:47 (3434 turns).

Flugkiller the Ducker (Octopode Abyssal Knight)     Turns: 3434, Time: 00:09:48

Health: -1/43      AC:  1    Str: 11    XL:     6   Next: 11%
Magic:  7/7        EV: 13    Int: 12    God:    Lugonu [***...]
Gold:   225        SH:  0    Dex: 19    Spells: 5/5 levels left

rFire    . . .     SeeInvis .   y - +2 falchion "Muul" {flame, rC+ Dex+6}
rCold    + . .     Gourm    .   (no shield)
rNeg     . . .     Faith    .   (helmet restricted)
rPois    .         Spirit   .   (no amulet)
rElec    .         Reflect  .   m - ring of resist corrosion
rCorr    +         Harm     .   h - -3 ring of intelligence (curse)
MR       .....                  (no ring)
Stlth    +++.......             (no ring)
HPRegen  0.14/turn              (no ring)
MPRegen  0.10/turn              (no ring)
                                (no ring)
                                (no ring)

@: lethally poisoned (-1 -> -2), very slightly contaminated, constricted,
invisible
A: almost no armour, stealthy swim, amphibious, 8 rings, constrict 8, camouflage
1, gelatinous body 1
a: Depart the Abyss, Bend Space, Banish, Renounce Religion


You were in a sewer.
You worshipped Lugonu.
Lugonu was most pleased with you.
You were not hungry.

You visited 1 branch of the dungeon, and saw 4 of its levels.
You visited the Abyss 1 time.
You also visited: Sewer.

You collected 225 gold pieces.

Inventory:

Hand Weapons
 a - a +1 spear
 s - a +0 trident
   (You took it off an orc on level 3 of the Dungeon)
 v - a +2 dagger of venom
   (You took it off a goblin on level 3 of the Dungeon)
 y - the +2 falchion "Muul" (weapon) {flame, rC+ Dex+6}
   (You found it on level 4 of the Dungeon)

   It has been specially enchanted to burn those struck by it, causing extra
   injury to most foes and up to half again as much damage against particularly
   susceptible opponents.
   Big, fiery blades are also staple armaments of hydra-hunters.
   It affects your dexterity (+6).
   It protects you from cold.
Missiles
 t - 9 poisoned darts (quivered)
Jewellery
 h - a cursed -3 ring of intelligence (right tentacle)
   (You found it on level 1 of the Dungeon)
 m - a ring of resist corrosion (left tentacle)
   (You found it on level 2 of the Dungeon)
Wands
 w - a wand of polymorph (5)
   (You found it on level 4 of the Dungeon)
Scrolls
 c - a scroll of magic mapping
 d - 3 scrolls of remove curse
 i - a scroll of fog {unknown}
 k - a scroll of teleportation {unknown}
 n - a scroll of enchant weapon {unknown}
 p - a scroll of immolation
 q - a scroll of identify
 z - a scroll of enchant armour {unknown}
Potions
 e - a potion of heal wounds
 f - 2 potions of brilliance
 g - 3 potions of cancellation
 j - a potion of resistance
 l - 2 potions of flight
 o - 2 potions of ambrosia
 r - a potion of haste
 u - a potion of curing {unknown}
 x - a potion of invisibility
Comestibles
 b - 3 rations


   Skills:
 - Level 4.0 Fighting
 - Level 4.0 Polearms
 + Level 4.4 Dodging
 + Level 2.0 Invocations


You had 5 spell levels left.
You didn't know any spells.
Your spell library was empty.

Dungeon Overview and Level Annotations

Branches:
Dungeon (4/15)              Sewer (1/1)
 Temple: D:4-7

Altars:
Makhleb
Nemelex Xobeh
Ru
Sif Muna
Xom
Yredelemnul

Shops:
D:4 =

Annotations:
D:3 exclusion: door
D:4 Blork the orc Sewer Purgy


Innate Abilities, Weirdness & Mutations

You cannot wear most types of armour.
You are very stealthy in the water. (Stealth+)
You are amphibious.
You can wear up to eight rings at the same time.
You can use your tentacles to constrict eight enemies at once.
Your skin changes colour to match your surroundings (Stealth+).
Your rubbery body absorbs attacks. (AC +1, EV +1)


Message History

Purgy constricts you.
Unknown command.
Unknown command.
Evoke which item? (* to show all) (? for menu, Esc to quit)
Okay, then.
You escape Purgy's grasp.
Unknown command.
You closely miss Purgy.
Purgy is moderately wounded.
Purgy hits you. Purgy grabs you. Purgy constricts you.
Unknown command.
You hit Purgy but do no damage.
Purgy is moderately wounded.
Purgy completely misses you.
* * * LOW HITPOINT WARNING * * *
Purgy constricts you.
You completely miss Purgy. Your squeeze misses Purgy.
Purgy is moderately wounded.
You feel sick. Purgy closely misses you.
* * * LOW HITPOINT WARNING * * *
Purgy constricts you.
Wield which item (- for none, * to show all)? (? for menu, Esc to quit)
The +2 falchion "Muul" {flame, rC+ Dex+6} bursts into flame!
y - the +2 falchion "Muul" (weapon)
{flame, rC+ Dex+6} Purgy hits you.
* * * LOW HITPOINT WARNING * * *
* * * LOW HITPOINT WARNING * * *
Purgy constricts you.
Unknown command.
You feel much better.
Purgy hisses menacingly.
Purgy hits you. Purgy constricts you.
Unknown command.
Unknown command.
You hit Purgy. You burn Purgy. You squeeze Purgy, but do no damage.
Purgy is heavily wounded.
Purgy hits you!
* * * LOW HITPOINT WARNING * * *
* * * LOW HITPOINT WARNING * * *
Purgy constricts you.
You hit Purgy. You burn Purgy. Your squeeze misses Purgy.
Purgy is almost dead.
You feel sick. Purgy spits poison at you. The splash of poison misses you.
* * * LOW HITPOINT WARNING * * *
Purgy constricts you.
Purgy looks around nervously.
Purgy hits you.
You die...

#.≈## ##..#
#...# #≈..#
##..###≈.##
#..≈#≈..#
##.≈.≈.##
#.....#
##≈≈≈##
#.≈.###
#!≈#.#N@#
#)(#.#..#
#########


You could see Purgy the naga.

Vanquished Creatures
  An orc priest (D:3)
  Jessica (D:3)
  A worker ant (D:3)
  A hound skeleton (D:4)
  5 adders
  A river rat (D:4)
  An ooze (D:2)
  An adder zombie (D:3)
  2 worms (D:3)
  A dart slug (D:1)
  12 orcs
  4 giant cockroaches (D:3)
  6 hobgoblins
  2 jackals (Sewer)
  A quokka (D:3)
  2 ball pythons
  5 bats
  8 frilled lizards
  9 goblins
  8 kobolds
  5 rats
  A spectral orc (D:2)
78 creatures vanquished.

Vanquished Creatures (others)
  A bat (D:1)
1 creature vanquished.

Grand Total: 79 creatures vanquished

Notes
Turn   | Place    | Note
-------+----------+-------------------------------------------
     0 | Abyss:1  | Flugkiller the Octopode Abyssal Knight began the quest for
                  | the Orb.
     0 | Abyss:1  | Reached XP level 1. HP: 16/16 MP: 2/2
    17 | D:1      | Escaped the Abyss
   112 | D:1      | Reached XP level 2. HP: 17/21 MP: 3/3
   737 | D:2      | Reached ** piety under Lugonu
   737 | D:2      | Reached XP level 3. HP: 24/26 MP: 4/4
   978 | D:2      | Found a sparkling altar of Nemelex Xobeh.
  1025 | D:2      | Found a shimmering blue altar of Sif Muna.
  1057 | D:2      | Found a basalt altar of Yredelemnul.
  1490 | D:3      | Found a faded altar of an unknown god.
  1534 | D:3      | Found a sacrificial altar of Ru.
  1635 | D:3      | Noticed Jessica
  1650 | D:3      | Killed Jessica
  1650 | D:3      | Reached XP level 4. HP: 14/33 MP: 5/5
  1837 | D:3      | Found a burning altar of Makhleb.
  1837 | D:3      | Found a shimmering altar of Xom.
  2177 | D:3      | Reached XP level 5. HP: 22/37 MP: 6/6
  2981 | D:4      | Noticed Blork the orc
  3111 | D:4      | Found Xynte's Jewellery Shop.
  3139 | D:4      | Reached XP level 6. HP: 38/43 MP: 7/7
  3145 | D:4      | Got a dazzling falchion
  3157 | D:4      | Found a glowing drain.
  3176 | D:4      | Identified the +2 falchion "Muul" {flame, rC+ Dex+6} (You
                  | found it on level 4 of the Dungeon)
  3182 | Sewer    | Entered a sewer
  3192 | Sewer    | Reached *** piety under Lugonu
  3239 | Sewer    | Noticed Purgy
  3243 | Sewer    | Noticed Purgy
  3243 | Sewer    | Purgy changed into Purgy the naga
  3434 | Sewer    | Slain by Purgy the naga

Levels and vault maps discovered:
D:1:      minmay_arrival_split_and_join, layout_rooms
D:2:      layout_rooms, nemelex_altar_shiori,
          yredelemnul_forgotten_temple_becter, overflow_temple_1_default,
          serial_forest, infiniplex_forest_clump_double,
          infiniplex_forest_clump_long, infiniplex_forest_clump_large,
          infiniplex_forest_clump_double, infiniplex_forest_lined_3,
          infiniplex_forest_end_1, infiniplex_forest_clump_tiny,
          infiniplex_forest_clump_diagonal
D:3:      minmay_bubble_buster, layout_basic,
          grunt_temple_overflow_champion_of_chaos,
          chequers_ecumenical_altar_simple, nicolae_ru_awakened_eye,
          uniq_jessica
D:4:      layout_gridville, kiku_gazebo_pond_becter, lemuel_round_altar,
          serial_shops, kennysheep_mini, first_ration, portal_sewer_entry_b,
          dk_noncrumbling_4, uniq_blork_the_orc
Sewer:    sewer_the_crocodile

Skill      XL: |  1  2  3  4  5 |
---------------+----------------+-----
Polearms       | 3 4 |  4.0
Fighting       | 4 |  4.0
Dodging        | 3 4 |  4.4
Invocations    | |  2.0

Action                   |  1- 3 |  4- 6 || total
-------------------------+-------+-------++-------
Melee: Spear             |    91 |    23 ||   114
       Constrict         |    18 |    24 ||    42
       Tentacles         |    10 |    19 ||    29
       Trident           |       |   111 ||   111
       Falchion          |       |     2 ||     2
Throw: Dart              |       |     1 ||     1
Evoke: Wand              |       |     4 ||     4
  Use: Scroll            |     5 |     5 ||    10
       Potion            |       |     4 ||     4
 Stab: Sleeping          |     8 |     5 ||    13
       Distracted        |       |     1 ||     1
  Eat: Chunk             |     2 |     6 ||     8
Armor: Skin              |     2 |     6 ||     8
Dodge: Dodged            |    36 |    89 ||   125

Table legend:
 A = Non-vault XP
 B = Vault XP
 C = Vault XP percentage of total XP
 D = Non-vault monster count
 E = Vault monster count
 F = Vault count percentage of total count
                 A         B        C        D         E       F
            +---------+---------+-------+---------+---------+-------
      Total |     213 |     139 |  39.5 |      52 |      26 |  33.3
            +---------+---------+-------+---------+---------+-------
        D:1 |      24 |       0 |   0.0 |      15 |       0 |   0.0
        D:2 |      30 |       1 |   3.2 |       9 |       1 |  10.0
        D:3 |     115 |     114 |  49.8 |      21 |      18 |  46.2
        D:4 |      44 |      14 |  24.1 |       7 |       2 |  22.2
      Sewer |       0 |      10 | 100.0 |       0 |       5 | 100.0
            +---------+---------+-------+---------+---------+-------
